 Dungeon Crawl Stone Soup version 0.19-a0-872-g3103843 (webtiles) character file.

1875 rageheart7 the Carver (level 8, -2/71 HPs)
             Began as a Black Draconian Gladiator on July 4, 2016.
             Was an Initiate of Okawaru.
             Slain by a killer bee (10 damage)
             ... on level 7 of the Dungeon.
             The game lasted 00:15:16 (5673 turns).

rageheart7 the Carver (Black Draconian Gladiator)   Turns: 5673, Time: 00:15:17

Health: -2/71      AC:  7    Str: 25    XL:     8   Next: 91%
Magic:  8/8        EV:  7    Int: 12    God:    Okawaru [......]
Gold:   345        SH:  3    Dex: 12    Spells: 0 memorised, 7 levels left

rFire  . . .     SeeInvis .     a - +0 long sword
rCold  + . .     Gourm    .     (armour unavailable)
rNeg   . . .     Faith    .     o - +0 buckler
rPois  .         Spirit   .     b - +0 hat
rElec  +         Dismiss  .     n - +0 cloak
rCorr  .         Reflect  .     (no gloves)
SustAt .         Harm     .     (no boots)
MR     .....                    q - amulet of regeneration
Stlth  +.........               (no ring)
                                e - ring of ice

@: mighty, lethally poisoned (-2 -> -3), short of breath, not resistant to
hostile enchantments, very unstealthy
A: breathe lightning, unfitting armour, claws 1, clever 2, fire resistance 1,
regeneration 1, electricity resistance, evolution 1, cold-blooded, AC +6
a: Breathe Lightning, Renounce Religion


You were on level 7 of the Dungeon.
You worshipped Okawaru.
Okawaru was noncommittal.
You were not hungry.

You visited 2 branches of the dungeon, and saw 8 of its levels.

You collected 345 gold pieces.

Inventory:

Hand Weapons
 a - a +0 long sword (weapon)
 k - the +1 mace of the Bouncing Curses {crush, rPois rC- Str+6 Stlth+}
   (You found it on level 5 of the Dungeon)

   It inflicts extra damage upon your enemies.
   It affects your strength (+6).
   It makes you vulnerable to cold.
   It protects you from poison.
   It makes you more stealthy.
Missiles
 c - 3 throwing nets (quivered)
Armour
 b - a +0 hat (worn)
 n - a +0 cloak (worn)
 o - a +0 buckler (worn)
Jewellery
 e - a ring of ice (left claw)
 q - an amulet of regeneration (around neck)
 s - an uncursed ring of see invisible {unknown}
Wands
 i - a wand of paralysis (11/24)
 u - a wand of lightning (6/15)
 w - a wand of flame (22/48)
Scrolls
 j - a scroll of identify
 m - 2 scrolls of teleportation
 p - 5 scrolls of remove curse
 r - a scroll of enchant weapon {unknown}
 v - 3 scrolls of magic mapping
 y - a scroll of recharging {unknown}
Potions
 g - a potion of resistance
 l - 2 potions of agility
 t - a potion of flight
Comestibles
 d - 8 bread rations
 f - 4 meat rations
 h - 4 beef jerkies
 z - 2 chunks of flesh


   Skills:
 + Level 6.5 Fighting
 * Level 10.5 Long Blades
 - Level 1.7 Throwing
 - Level 2.6 Dodging


You had 7 spell levels left.
You didn't know any spells.

Dungeon Overview and Level Annotations

Branches:
Dungeon (7/15)             Temple (1/1) D:5

Altars:
Dithmenos
Elyvilon
Fedhas
Gozag
Hepliaklqana
Kikubaaqudgha
Makhleb
Nemelex Xobeh
Okawaru
Pakellas
Qazlal
Ru
Sif Muna
Trog
Uskayaw
Vehumet
Xom
Yredelemnul
Zin
The Shining One

Shops:
D:3 *


Innate Abilities, Weirdness & Mutations

You can breathe wild blasts of lightning.
Your glossy black scales are hard. (AC +6)
Your body does not fit into most forms of armour.
You are resistant to electric shocks. (rElec)
You are cold-blooded and may be slowed by cold attacks.
You have sharp fingernails.
Your mind is very acute. (Int +4)
Your flesh is heat resistant. (rF+)
Your natural rate of healing is unusually fast.
You evolve.


Message History

You feel sick. The killer bee stings you!
* * * LOW HITPOINT WARNING * * *
You are more poisoned.
The killer bee poisons you! The killer bee closely misses you.
You closely miss the killer bee.
Your tail-slap misses the killer bee.
The killer bee is severely wounded.
You feel sick. The killer bee misses you.
You riposte.
You slash the killer bee!
You kill the killer bee!
Okawaru accepts your kill.
You slash the killer bee!
The killer bee is severely wounded.
You feel sick. The killer bee stings you.
* * * LOW HITPOINT WARNING * * *
The killer bee stings you!
* * * LOW HITPOINT WARNING * * *
You are more poisoned.
The killer bee poisons you!
You feel sick. The killer bee stings you!
You die...

#### ... #.. #.)
. #.. ...
#####.l####..8..
......Dy@......(
###.##y####.####
#. .. #.# .. .##
.


You could see a steam dragon, an iguana and 2 killer bees.

Vanquished Creatures
  The ghost of badtown the Twirler, an amateur FoGl (D:4)
  2 sky beasts (D:5)
  2 ogres (D:4)
  A centaur (D:5)
  6 big kobolds (D:4)
  A scorpion (D:4)
  3 killer bees (D:7)
  2 crimson imps (D:5)
  3 orc priests
  A hound (D:4)
  A centaur skeleton (D:7)
  A jelly (D:7)
  2 iguanas
  2 worker ants
  A hound skeleton (D:5)
  Robin (D:4)
  A mummy (D:5)
  2 gnolls
  7 adders
  3 oozes
  2 worms (D:3)
  5 dart slugs
  2 giant geckos
  14 orcs
  5 giant cockroaches
  16 goblins
  11 hobgoblins
  6 jackals
  43 kobolds
  A quokka (D:5)
  2 ball pythons (D:1)
  10 bats
  7 giant newts
  3 hobgoblin zombies (D:5)
  A kobold zombie (D:5)
  A quokka zombie (D:6)
  9 rats
181 creatures vanquished.

Notes
Turn   | Place    | Note
-------+----------+-------------------------------------------
     0 | D:1      | rageheart7 the Draconian Gladiator began the quest for the Orb.
     0 | D:1      | Reached XP level 1. HP: 17/17 MP: 1/1
   312 | D:1      | Reached XP level 2. HP: 18/24 MP: 2/2
   476 | D:1      | Reached skill level 4 in Long Blades
   499 | D:1      | Reached XP level 3. HP: 23/30 MP: 3/3
  1473 | D:2      | Reached XP level 4. HP: 37/37 MP: 4/4
  1545 | D:2      | Found a deep blue altar of Sif Muna.
  1908 | D:2      | Reached skill level 5 in Long Blades
  2187 | D:3      | Reached XP level 5. HP: 43/45 MP: 5/5
  2344 | D:3      | Found Gozag's Platinum Reserve.
  2349 | D:3      | Found an opulent altar of Gozag.
  2931 | D:4      | Reached skill level 6 in Long Blades
  2931 | D:4      | Reached XP level 6. HP: 28/52 MP: 6/6
  3129 | D:4      | Found a bloodstained altar of Trog.
  3258 | D:4      | Found a white marble altar of Elyvilon.
  3258 | D:4      | Found a sacrificial altar of Ru.
  3509 | D:4      | Reached skill level 7 in Long Blades
  3554 | D:4      | Your scales start taking on a glossy black colour.
  3554 | D:4      | Reached XP level 7. HP: 51/60 MP: 7/7
  3554 | D:4      | Gained mutation: You are resistant to electric shocks. (rElec) [Black Draconian growth]
  3630 | D:4      | Noticed Robin
  3670 | D:4      | Killed Robin
  3698 | D:4      | Gained mutation: Your natural rate of healing is unusually fast. [potion of beneficial mutation]
  3708 | D:4      | Noticed badtown's ghost (amateur FoGl)
  3709 | D:4      | Reached skill level 5 in Fighting
  3709 | D:4      | Reached skill level 8 in Long Blades
  3870 | D:4      | Killed badtown's ghost
  3870 | D:4      | Reached skill level 9 in Long Blades
  3870 | D:4      | Reached XP level 8. HP: 33/70 MP: 8/8
  4211 | D:5      | Entered Level 5 of the Dungeon
  4332 | D:5      | Found a staircase to the Ecumenical Temple.
  4357 | D:5      | Gained mutation: You have sharp fingernails. [mutagenic meat]
  4360 | D:5      | Gained mutation: Your flesh is heat resistant. (rF+) [mutagenic meat]
  4366 | D:5      | Gained mutation: Your mind is acute. (Int +2) [mutagenic meat]
  4423 | Temple   | Entered the Ecumenical Temple
  4610 | Temple   | Became a worshipper of Warmaster Okawaru
  4659 | D:5      | Got a jewelled mace
  4769 | D:5      | Identified the +1 mace of the Bouncing Curses {crush, rPois rC- Str+6 Stlth+} (You found it on level 5 of the Dungeon)
  5124 | D:5      | Reached skill level 10 in Long Blades
  5131 | D:5      | Gained mutation: You evolve. [mutagenic meat]
  5134 | D:5      | Gained mutation: Your mind is very acute. (Int +4) [mutagenic meat]
  5673 | D:7      | Slain by a killer bee

Vault maps used:
D:1:      minmay_arrival_jagged
D:2:      lemuel_blue_sif_altar
D:3:      st_stairs_7, nicolae_gozag_zags_fifth_avenue
D:4:      minmay_goblin_kobold_castle, overflow_temple_1_default,
          gammafunk_temple_overflow_elements, first_bread, uniq_robin
D:5:      minmay_mini_ossuary
D:7:      slow_altar_2, grunt_livestock
Temple:   eino_temple_scatter_basement

Skill      XL: |  1  2  3  4  5  6  7  8 |
---------------+-------------------------+-----
Long Blades    | 4 5 6 7 9 10 | 10.5
Fighting       | 3 4 5 6 |  6.5
Throwing       | |  1.7
Dodging        | |  2.6

Action                   |  1- 3 |  4- 6 |  7- 9 || total
-------------------------+-------+-------+-------++-------
Melee: Long sword        |   122 |   168 |   304 ||   594
       Tailslap          |    14 |    40 |    41 ||    95
       Falchion          |       |    86 |       ||    86
 Abil: Breathe Lightning |       |       |     6 ||     6
  Use: Scroll            |     2 |     6 |     4 ||    12
       Potion            |     2 |     2 |     3 ||     7
 Stab: Sleeping          |     1 |     1 |       ||     2
  Eat: Chunk             |     2 |     4 |    11 ||    17
       Fruit             |       |     1 |       ||     1
       Royal jelly       |       |     1 |       ||     1
       Beef jerky        |       |       |     3 ||     3
Armor: Skin              |    26 |    64 |    82 ||   172
Dodge: Dodged            |    63 |   136 |   153 ||   352
Block: Buckler           |       |    22 |    45 ||    67
